 Dungeon Crawl Stone Soup version 0.23.2 (webtiles) character file.

Game seed: 7081007531907212746

105 Borgoz the Sneak (level 4, -4/28 HPs)
             Began as a Gargoyle Assassin on Apr 9, 2019.
             Killed from afar by Natasha (6 damage)
             ... with a magic dart
             ... on level 2 of the Dungeon.
             The game lasted 00:03:04 (1609 turns).

Borgoz the Sneak (Gargoyle Assassin)                Turns: 1609, Time: 00:03:05

Health: -4/28      AC:  6    Str: 15    XL:     4   Next: 83%
Magic:  4/4        EV: 12    Int: 11    God:
Gold:   103        SH:  0    Dex: 12    Spells: 3/3 levels left

rFire    . . .     SeeInvis .   b - +0 blowgun
rCold    . . .     Gourm    .   (no shield)
rNeg     + . .     Faith    .   c - +0 robe
rPois    ∞         Spirit   .   (no helmet)
rElec    +         Reflect  .   d - +0 cloak
rCorr    .         Harm     .   (no gloves)
MR       .....                  (no boots)
Stlth    +++.......             (no amulet)
HPRegen  0.09/turn              (no ring)
MPRegen  0.09/turn              (no ring)

@: no status effects
A: negative energy resistance 1, electricity resistance, unbreathing,
petrification resistance, rot immunity, AC +3
a: no special abilities


You were on level 2 of the Dungeon.
You were not hungry.

You visited 1 branch of the dungeon, and saw 2 of its levels.

You collected 103 gold pieces.

Inventory:

Hand Weapons
 a - a +2 dagger
 b - a +0 blowgun (weapon)
Missiles
 e - a poisoned needle (quivered)
 f - 2 curare-tipped needles
Armour
 c - a +0 robe (worn)
 d - a +0 cloak (worn)
Scrolls
 h - a scroll of teleportation {unknown}
 i - a scroll of identify
 j - a scroll of immolation {unknown}
 m - a scroll of noise {unknown}
 n - a scroll of remove curse {unknown}
 p - a scroll of random uselessness {unknown}
 q - a scroll of fear {unknown}
Comestibles
 g - 3 rations


   Skills:
 + Level 3.0 Fighting
 + Level 2.4 Short Blades
 - Level 1.7 Throwing
 + Level 1.9 Armour
 + Level 1.6 Dodging
 - Level 5.0 Stealth


You had 3 spell levels left.
You didn't know any spells.
Your spell library was empty.

Dungeon Overview and Level Annotations

Branches:
Dungeon (2/15)

Altars:

Annotations:
D:2 Natasha


Innate Abilities, Weirdness & Mutations

You are resistant to torment.
Your stone body is resilient. (AC +3)
You are immune to poison.
You resist negative energy. (rN+)
You are resistant to electric shocks. (rElec)
You can survive without breathing.
You are immune to petrification.
You are immune to rotting.


Message History

Firing (i - inventory. (/) - cycle)
e - 3 poisoned needles (quivered)
Press: ? - help, Shift-Dir - straight line, f/p - Natasha
Aim: Natasha, carrying a wand of flame (5) (heavily wounded)
You shoot a poisoned needle.
The poisoned needle closely misses Natasha.
The poisoned needle hits the shadow imp.
The shadow imp is heavily wounded.
Natasha zaps a wand.
The puff of flame misses you.
Firing (i - inventory. (/) - cycle)
e - 2 poisoned needles (quivered)
Press: ? - help, Shift-Dir - straight line, f/p - Natasha
Aim: Natasha, carrying a wand of flame (4) (heavily wounded)
You shoot a poisoned needle. The poisoned needle hits Natasha.
Natasha is poisoned.
Natasha is heavily wounded.
Natasha wildly gestures.
You feel disoriented. Natasha closely misses you. Natasha casts a spell at you.
The magic dart hits you.
You die...

#.#.## #.### ## #.#.#
#.# .. #.#.# .# #.#.#
#.#.# #.#.########
#........... .# #
###.###############...#
. #.#.....@.h5((.(((# #
#.#.###############
#.#.#############
#.#.............# #
#(#############.# .
#(.(...)........# #
#.#############.# ###
###


You could see Natasha and a shadow imp.

Vanquished Creatures
  Natasha (D:2)
  An adder (D:2)
  A gnoll (D:1)
  A worm (D:2)
  3 dart slugs
  2 leopard geckos (D:1)
  2 ball pythons
  A bat (D:1)
  3 giant cockroaches (D:1)
  3 goblins (D:1)
  10 hobgoblins
  5 kobolds (D:2)
  A quokka (D:2)
  3 frilled lizards (D:1)
  18 rats
55 creatures vanquished.

Notes
Turn   | Place    | Note
-------+----------+-------------------------------------------
     0 | D:1      | Borgoz the Gargoyle Assassin began the quest for the Orb.
     0 | D:1      | Reached XP level 1. HP: 12/12 MP: 1/1
    98 | D:1      | Reached skill level 1 in Dodging
    98 | D:1      | Reached XP level 2. HP: 18/18 MP: 2/2
   248 | D:1      | Reached skill level 1 in Armour
   248 | D:1      | Reached XP level 3. HP: 7/22 MP: 3/3
  1299 | D:2      | Reached XP level 4. HP: 27/27 MP: 4/4
  1525 | D:2      | Noticed Natasha
  1530 | D:2      | Killed Natasha
  1530 | D:2      | Reached skill level 5 in Stealth
  1578 | D:2      | Noticed Natasha
  1609 | D:2      | Killed from afar by Natasha

Skill      XL: |  1  2  3  4 |
---------------+-------------+-----
Dodging        | 1 |  1.6
Short Blades   | 2 |  2.4
Armour         | 1 |  1.9
Fighting       | 3 |  3.0
Stealth        | 5 |  5.0
Throwing       | |  1.7

Action                   |  1- 3 |  4- 6 || total
-------------------------+-------+-------++-------
Melee: Dagger            |   140 |    50 ||   190
 Fire: Blowgun           |     4 |     7 ||    11
  Use: Scroll            |     2 |       ||     2
       Potion            |       |     2 ||     2
 Stab: Sleeping          |     8 |     2 ||    10
  Eat: Chunk             |     1 |     1 ||     2
Armor: Robe              |    32 |     8 ||    40
Dodge: Dodged            |    67 |    34 ||   101
